 Dungeon Crawl Stone Soup version 0.31-a0-202-g547052bce9 (webtiles) character file.

Game seed: 1807519856587252609

91 qw the Shooter (level 4, -21/25 HPs)
             Began as a Deep Elf Hunter on June 26, 2023.
             Demolished by an ogre
             ... wielding a +0 giant spiked club
              (22 damage)
             ... on level 4 of the Dungeon.
             The game lasted 00:00:31 (1761 turns).

qw the Shooter (Deep Elf Hunter)                    Turns: 1761, Time: 00:00:32

Health: -21/25     AC:  7    Str: 10    XL:     4   Next: 34%
Magic:  6/6        EV: 16    Int: 14    God:
Gold:   108        SH:  0    Dex: 18    Spells: 3/3 levels left

rFire   + . .        Y - +0 shortbow
rCold   . . .        (shield currently unavailable)
rNeg    . . .        l - +0 ring mail {rF+}
rPois   .            (no helmet)
rElec   .            j - +0 cloak
rCorr   +            (no gloves)
SInv    .            b - +0 pair of boots
Will    .....        e - amulet of faith
Stlth   +            c - ring of resist corrosion
HPRegen 0.24/turn    h - +5 ring of evasion
MPRegen 0.10/turn

%: faith
@: lethally poisoned (-21 -> -24)
A: no striking features
a: no special abilities


You were on level 4 of the Dungeon.
You visited 1 branch of the dungeon, and saw 4 of its levels.

You collected 108 gold pieces.


   Skills:
 - Level 1.5 Fighting
 + Level 7.8 Ranged Weapons
 - Level 2.4 Dodging
 - Level 1.2 Stealth


You had 3 spell levels left.
You didn't know any spells.
Your spell library was empty.

Inventory:

Hand Weapons
 Y - a +0 shortbow (weapon)
Armour
 b - a +0 pair of boots (worn)
 j - a +0 cloak (worn)
 l - a +0 ring mail of fire resistance (worn)
Jewellery
 c - a ring of resist corrosion (left hand)
 e - an amulet of faith (around neck)
 h - a +5 ring of evasion (right hand)
Scrolls
 a - a scroll of identify
Potions
 d - a potion of heal wounds {unknown}
 f - a potion of haste
 g - a potion of attraction {unknown}
 i - a potion of might {unknown}

Dungeon Overview and Level Annotations

Branches:
Dungeon (4/15)
 Temple: D:4-7

Altars:


Message History

The arrow closely misses the ball python.
The arrow closely misses the orc.
The ball python bites you but does no damage.
The ball python constricts you. The orc barely misses you.
The adder bites you but does no damage. The ogre barely misses you.
The ball python closely misses you. The ball python constricts you.
The orc hits you with a +0 hand axe. The orc hits you but does no damage.
You shoot an arrow.
The arrow closely misses the ball python.
The arrow hits the orc.
The orc is severely wounded.
The adder barely misses you. The ball python bites you.
The ball python constricts you. The adder closely misses you.
The orc misses you.
The ogre hits you with a +0 giant spiked club!
The orc closely misses you.
You shoot an arrow. The arrow hits the ball python!
You kill the ball python!
The adder misses you. The orc hits you with a +0 hand axe.
The orc barely misses you.
You shoot an arrow. The arrow hits the orc!
You kill the orc!
The adder closely misses you. The ogre completely misses you.
The orc misses you. x2; The goblin unwields a +0 club.
The goblin wields a +0 sling.
The goblin shoots a sling bullet.
The sling bullet misses you. The adder misses you.
You shoot an arrow. The arrow barely misses the adder.
The adder closely misses you. The orc hits you with a +0 hand axe.
The orc barely misses you. The ogre misses you.
The goblin shoots a sling bullet.
The sling bullet misses you.
You shoot an arrow. The arrow barely misses the adder.
The adder bites you but does no damage. The orc barely misses you.
The orc hits you but does no damage.
The goblin shoots a sling bullet.
The sling bullet hits you but does no damage.
The adder bites you.
You are lethally poisoned!
The adder poisons you!
The ogre hits you with a +0 giant spiked club!!
Ouch! That really hurt!
You die...

.......#...## ##77
.............##...
................##
.................!
............#.####
............#.#
............#..
......OS....# #.
..<.)g)@....# .#
......oo....#
...#####..#.... ..
.....### .#..###
#..# ...# ..#


You could see an ogre, an adder, 2 orcs and a goblin.

Vanquished Creatures
  2 hound zombies (D:4)
  2 adders
  A worm (D:2)
  2 dart slugs
  4 orcs
  2 giant cockroaches (D:2)
  4 goblins
  4 hobgoblins
  2 kobolds (D:2)
  3 quokkas
  4 ball pythons
  A bat (D:2)
  2 frilled lizards (D:2)
  A rat (D:1)
34 creatures vanquished.

Notes
Turn   | Place    | Note
-------+----------+-------------------------------------------
     0 | D:1      | qw the Deep Elf Hunter began the quest for the Orb.
     0 | D:1      | Reached XP level 1. HP: 12/12 MP: 3/3
     0 | D:1      | 0 ||| qw: Version: 0.3-a-22-g0ed2b0b
     0 | D:1      | 0 ||| qw: Game counter: 6258
     0 | D:1      | 0 ||| qw: Melee chars always use a shield: true
     0 | D:1      | 0 ||| qw: God list: Okawaru
     0 | D:1      | 0 ||| qw: Allow faded altars: false
     0 | D:1      | 0 ||| qw: Do Orc after clearing Dungeon:15 true
     0 | D:1      | 0 ||| qw: Do second Lair branch before Depths: true
     0 | D:1      | 0 ||| qw: Lair rune preference: random
     0 | D:1      | 0 ||| qw: Goals: Normal
     0 | D:1      | 0 ||| PLANNING D:1-11
   270 | D:1      | Reached XP level 2. HP: 16/16 MP: 4/4
   385 | D:1      | Reached skill level 6 in Ranged Weapons
   617 | D:1      | Found a faded altar of an unknown god.
   803 | D:1      | 803 ||| UPGRADING to +0 cloak.
   808 | D:1      | 808 ||| UPGRADING to +0 ring mail.
   818 | D:1      | 818 ||| DROPPING +0 leather armour.
   819 | D:1      | 819 ||| UPGRADING to +0 ring mail of fire resistance.
   829 | D:1      | 829 ||| DROPPING +0 ring mail.
   830 | D:1      | 830 ||| UPGRADING to amulet of faith.
   835 | D:1      | 835 ||| READING 3 scrolls labelled QIUGAA OROOFETH.
   836 | D:1      | 836 ||| READING scroll labelled ADATHE DAUK.
   837 | D:1      | 837 ||| DRINKING 2 fizzy blue potions.
   838 | D:1      | 838 ||| READING 2 scrolls of identify.
   838 | D:1      | 838 ||| IDENTIFYING fuming white potion
   839 | D:1      | 839 ||| DROPPING scroll of butterflies.
   840 | D:1      | 840 ||| DROPPING potion of lignification.
   963 | D:2      | Reached XP level 3. HP: 19/20 MP: 5/5
  1539 | D:2      | 1539 ||| UPGRADING to +0 pair of boots.
  1544 | D:2      | 1544 ||| UPGRADING to ring of resist corrosion.
  1605 | D:3      | Reached skill level 7 in Ranged Weapons
  1704 | D:3      | You fall into a shaft and drop 1 floor!
  1723 | D:4      | Reached XP level 4. HP: 25/25 MP: 6/6
  1742 | D:4      | 1742 ||| UPGRADING to +5 ring of evasion.
  1744 | D:4      | Noticed an ogre
  1757 | D:4      | HP: 3/25 [ogre/+0 giant spiked club (12)]
  1761 | D:4      | HP: 1/25 [adder (1)]
  1761 | D:4      | Demolished by an ogre

Levels and vault maps discovered:
D:1:      scummos_arrival_simple_fountains, layout_basic,
          shapermc_ecumenical_altar_notcrosses, minmay_tetromino_t4
D:2:      layout_basic, nicolae_the_louvre
D:3:      layout_loops_ring, chequers_serial_rivers_large_b,
          dilly_guarded_unrand_morg
D:4:      layout_rooms, ashenzari_altar_1, nicolae_yredelemnul_corpse_copse

Skill      XL: |  1  2  3 |
---------------+----------+-----
Ranged Weapons | 6 7 |  7.8
Fighting       | |  1.5
Dodging        | |  2.4
Stealth        | |  1.2

Action                     |  1- 3 |  4- 6 || total
---------------------------+-------+-------++-------
   Fire: Shortbow          |    80 |    25 ||   105
    Use: Scroll            |     3 |       ||     3
         Potion            |     1 |       ||     1
 Armour: Ring mail         |     5 |    19 ||    24
  Dodge: Dodged            |    18 |    49 ||    67

Table legend:
 A = Non-vault XP
 B = Vault XP
 C = Vault XP percentage of total XP
 D = Non-vault monster count
 E = Vault monster count
 F = Vault count percentage of total count
                 A         B        C        D         E       F
            +---------+---------+-------+---------+---------+-------
      Total |      87 |      44 |  33.6 |      30 |       4 |  11.8
            +---------+---------+-------+---------+---------+-------
        D:1 |      13 |       4 |  23.5 |       6 |       2 |  25.0
        D:2 |      40 |       0 |   0.0 |      14 |       0 |   0.0
        D:3 |      22 |       0 |   0.0 |       5 |       0 |   0.0
        D:4 |      12 |      40 |  76.9 |       5 |       2 |  28.6
            +---------+---------+-------+---------+---------+-------
